Map: Festung der Geheimnisse

Players

RedHood

  • Race: Zerg Zerg
  • League: Silver
  • Spawn Location: 12:00

KFY

  • Race: Terran Terran
  • League: Platinum
  • Spawn Location: 3:00

kos

  • Race: Terran Terran
  • League: Diamond
  • Spawn Location: 9:00

AngryPenguin

  • Race: Protoss Protoss
  • Spawn Location: 12:00

Flash - Winner!

  • Race: Zerg Zerg
  • League: Diamond
  • Spawn Location: 6:00

KinG - Winner!

  • Race: Zerg Zerg
  • Spawn Location: 6:00

GCxBadUncle - Winner!

  • Race: Zerg Zerg
  • League: Diamond
  • Spawn Location: 5:00

BrokenM - Winner!

  • Race: Zerg Zerg
  • Spawn Location: 7:00

VOD

Have the link to the VOD?

Description

Time

  • Played on: Dec. 25, 2015, 4:39 p.m.
  • Length: 28:08
Show
View Real Time Build Order
Export as new Build Order

RedHood Zerg 

Build Orders: Pool First 

Get SALT Encoding   

  12  0:01  Drone  
  13  0:14  Drone  
  14  0:16  Overlord  
  14  0:38  Spawning Pool  
  14  0:40  Extractor  
  14  0:42  Drone  
  13  0:53  Drone x2  
  15  1:27  Zergling x2  
  15  1:28  Zergling x4  
  15  1:31  Queen  
  20  1:45  Drone  
  21  2:01  Hatchery  
  20  2:09  Queen  
  22  2:18  Roach Warren  
  22  2:21  Drone  
  22  2:38  Spine Crawler  
  4  3:16  Roach  
Show
View Real Time Build Order
Export as new Build Order

KFY Terran 

Build Orders:  

Get SALT Encoding   

  12  0:01  SCV  
  13  0:13  SCV  
  14  0:22  Supply Depot  
  14  0:25  SCV  
  15  0:29  Refinery  
  15  0:43  Refinery  
  15  0:44  SCV  
  16  0:52  Barracks  
  16  0:56  SCV  
  17  1:09  SCV  
  18  1:16  Supply Depot  
  18  1:21  SCV  
  19  1:33  SCV  
  20  1:42  Marine  
  21  1:48  Factory  
  21  2:00  Marine  
  22  2:11  Orbital Command  
  22  2:28  Marine  
  23  2:32  Factory Tech Lab  
  23  2:50  Barracks Reactor  
  23  2:53  Siege Tank  
  26  2:58  Supply Depot  
  26  3:06  SCV  
  27  3:24  Bunker  
  27  3:25  Supply Depot  
  27  3:26  Bunker  
  27  3:27  Supply Depot  
  27  3:42  Marine  
  27  3:44  Supply Depot, Marine  
  24  4:00  Marine  
  25  4:13  Bunker  
  25  4:14  Command Center  
  25  4:17  SCV  
  26  4:27  Marine  
  26  4:28  Marine  
  26  4:29  SCV  
  29  4:35  Siege Tank  
  32  4:40  Supply Depot  
  32  4:49  Marine x2  
  32  4:51  SCV  
  35  5:03  SCV  
  36  5:07  Marine x2  
  36  5:08  Siege Tank  
  41  5:15  SCV  
  42  5:26  Starport  
  42  5:28  Orbital Command  
  42  5:29  SCV  
  42  5:30  Marine  
  42  5:31  Marine  
  45  5:41  SCV  
  46  5:44  Engineering Bay  
  46  5:53  SCV  
  47  5:58  Siege Tank  
  47  5:59  SCV  
  51  6:05  SCV  
  51  6:08  Barracks x2  
  52  6:11  SCV  
  52  6:12  Terran Infantry Weapons Level 1  
  52  6:14  Starport Reactor  
  53  6:19  Marine x2  
  55  6:34  Engineering Bay  
  55  6:37  Marine x2  
  57  6:50  SCV  
  57  6:51  SCV  
  59  6:54  Marine  
  59  6:55  Marine  
  59  6:58  Command Center  
  59  6:59  Armory, Barracks Tech Lab x2  
  61  7:03  SCV  
  61  7:06  Medivac  
  64  7:12  Marine  
  57  7:20  Combat Shields, Stimpack  
  51  7:24  Siege Tank  
  51  7:25  Marine x2  
  51  7:26  Marine  
  51  7:28  SCV  
  58  7:30  Marine  
  58  7:31  Refinery  
  58  7:34  Refinery  
  59  7:43  Marine  
  60  7:44  Medivac  
  60  7:45  SCV  
  60  7:46  SCV  
  60  7:47  Marine  
  65  7:56  Siege Tank, Marine x2  
  65  7:57  SCV  
  71  8:00  SCV, Marine  
  73  8:05  Marine  
  74  8:13  SCV, Marine x2  
  77  8:21  Terran Infantry Armor Level 1, Terran Infantry Weapons Level 2  
  77  8:34  Siege Tank  
  80  8:36  Planetary Fortress  
  80  8:48  Marine x3  
  81  8:49  Marauder  
  81  8:50  SCV  
  86  8:55  Missile Turret  
  86  8:56  SCV  
  86  9:00  Missile Turret x2  
  86  9:02  SCV  
  88  9:07  Marauder  
  88  9:08  SCV  
  91  9:10  Barracks  
  91  9:11  Barracks  
  91  9:12  Supply Depot  
  91  9:14  SCV  
  91  9:16  Marauder  
  88  9:29  Supply Depot  
  88  9:33  Siege Tank  
  88  9:35  Medivac  
  93  9:40  Medivac  
  93  9:45  Concussive Shells  
  95  9:47  SCV x2  
  95  9:50  SCV  
  95  9:52  Supply Depot  
  98  9:57  Supply Depot  
  98  9:58  Supply Depot x2  
  98  9:59  SCV, Barracks Reactor  
  99  10:00  Barracks Reactor  
  99  10:02  Marine x2  
  99  10:04  SCV  
  102  10:14  SCV x2  
  102  10:15  Supply Depot  
  102  10:17  Marine  
  102  10:18  Marauder  
  102  10:19  SCV  
  108  10:26  SCV  
  109  10:34  Siege Tank, Marine x2  
  115  10:35  SCV x2  
  115  10:36  Marauder  
  115  10:38  SCV  
  115  10:39  Marine  
  120  11:04  Marine x5  
  110  11:05  Marine x3  
  110  11:06  Siege Tank  
  118  11:16  Medivac x2  
  122  11:22  Marine x4  
  122  11:23  Marine x2  
  122  11:24  Marine x2  
  126  11:29  Command Center  
  126  11:38  Siege Tank, Terran Infantry Weapons Level 3  
  126  11:39  Marine  
  129  11:40  Barracks, Marine x3  
  129  11:42  Terran Infantry Armor Level 2  
  129  11:43  Barracks  
  129  11:46  Barracks, Medivac  
  132  12:02  Marine x2  
  132  12:03  Marine x3  
  132  12:04  Marine, Marauder x2  
  142  12:11  Siege Tank  
  139  12:20  Marine x2  
  141  12:25  Marauder x2  
  145  12:30  Supply Depot  
  145  12:33  Marine x3  
  145  12:34  Barracks Reactor x2  
  145  12:35  Supply Depot  
  145  12:36  Supply Depot  
  146  12:45  Marine x3  
  146  12:47  Marauder x2  
  122  13:12  Marine  
  122  13:13  Marine x12  
  135  13:30  Marine x2  
  135  13:31  Marine x10  
  148  13:34  Supply Depot  
  148  13:36  Supply Depot  
  148  13:40  Planetary Fortress  
  143  13:48  Marine x2  
  107  13:49  Marine x2  
  107  13:50  Supply Depot  
  107  13:52  Siege Tank  
  112  13:58  SCV x2  
  112  14:00  SCV  
  115  14:10  SCV  
  115  14:11  Marauder x2  
  115  14:14  Barracks Tech Lab  
  120  14:20  Refinery  
  120  14:22  Refinery  
  120  14:24  Siege Tank  
  120  14:26  Marine x8  
  131  14:32  Marauder x2  
  131  14:35  Terran Infantry Armor Level 3  
  131  14:38  Terran Vehicle Weapons Level 1  
  125  14:48  Marine  
  125  14:49  Marine x9  
  135  14:54  Marauder x2  
  135  14:58  Siege Tank  
  142  15:04  Armory  
  142  15:09  Medivac  
  142  15:10  Medivac  
  120  15:15  Marauder x2  
  94  15:24  Marine  
  94  15:25  Marine x10  
  103  15:37  Marauder x2  
  103  15:42  Marine x2  
  108  15:43  Marine x9  
  118  15:52  Medivac x2  
  122  15:57  Marine x2  
  122  16:00  Siege Tank, Marine x8  
  122  16:01  Marauder, Marine x2  
  136  16:16  Marauder x2  
  136  16:18  Marine x10  
  115  16:22  Medivac  
  115  16:23  Marauder  
  115  16:24  Medivac  
  112  16:34  SCV x3  
  112  16:35  Marine  
  112  16:36  Marine x9  
  112  16:37  Siege Tank, Marauder x2  
  132  16:44  Marauder  
  120  16:52  Medivac  
  120  16:53  Marine  
  117  16:54  Medivac  
  110  17:03  Marine x11  
  110  17:05  Marine  
  112  17:10  Siege Tank  
  112  17:11  Marine  
  114  17:19  Terran Vehicle And Ship Armor Level 1  
  114  17:20  Marine  
  114  17:21  Marine x10  
  114  17:22  Medivac  
  127  17:23  Marine  
  127  17:24  Refinery, Medivac  
  127  17:29  Marine  
  131  17:38  Marine  
  131  17:39  Refinery, Marine x3  
  131  17:42  Siege Tank  
  138  17:44  Marine x3  
  138  17:45  Marine x5  
  138  17:47  Marine  
  147  17:52  Medivac  
  147  17:56  Marine x2  
  147  17:57  Marine x2  
  153  18:02  Marine x8  
  153  18:04  Marine  
  162  18:14  Siege Tank, Marine x4  
  162  18:15  Terran Vehicle Weapons Level 2  
  162  18:19  Medivac  
  171  18:20  Marine x8  
  171  18:22  Marine  
  177  18:32  Marine x4  
  152  18:43  Marine  
  152  18:44  Marine x8  
  124  18:49  Marine  
  124  18:50  Marine x3  
  124  18:53  Siege Tank  
  124  19:01  Marine  
  124  19:02  Marine x8  
  118  19:07  Marine  
  118  19:09  Marine  
  123  19:10  Marine x2  
  119  19:19  Marine x2  
  119  19:20  Marine x3  
  119  19:21  Marine x3  
  119  19:23  Marine  
  118  19:32  Marine  
  118  19:33  Marine x3  
  118  19:37  Marine x2  
  118  19:38  Marine  
  124  19:55  Marine  
  124  19:56  Marine x8  
  133  20:14  Marine  
  133  20:15  Marine x8  
  142  20:27  Marine x4  
  136  20:32  Marine  
  125  20:44  Marine  
  125  20:45  Marine x6  
  125  20:46  Marine  
  122  20:57  Marauder  
  122  21:08  Marauder x2  
  95  21:27  Marine x5  
  74  21:59  Marine x8  
  71  22:13  Marine  
  71  22:14  Marine x3  
  57  22:31  Marine  
  57  22:32  Marine x3  
  58  22:55  Medivac x2  
  62  22:58  Marine  
  63  23:25  Medivac x2  
  61  23:49  Marine  
  61  23:50  Marine x6  
  38  24:42  Marine x3  
  37  24:59  Marine  
  38  25:26  Marine  
  38  25:27  Marine x3  
Show
View Real Time Build Order
Export as new Build Order

kos Terran 

Build Orders: Hellion Opening, Mech 

Get SALT Encoding   

  12  0:02  SCV  
  13  0:14  SCV  
  14  0:26  SCV  
  14  0:27  Supply Depot  
  15  0:44  Refinery  
  15  0:49  SCV  
  16  0:50  Barracks  
  16  1:01  SCV  
  17  1:13  SCV  
  18  1:25  SCV  
  19  1:37  SCV, Marine  
  19  1:38  Supply Depot  
  21  1:45  Command Center  
  21  1:54  Orbital Command  
  21  2:05  Barracks Reactor  
  21  2:09  Factory  
  21  2:21  SCV  
  22  2:33  SCV  
  23  2:40  Refinery  
  23  2:45  SCV  
  23  2:48  Factory  
  24  2:53  Bunker  
  25  2:59  Orbital Command  
  25  3:02  Barracks Tech Lab  
  25  3:03  Hellion  
  25  3:04  Hellion  
  28  3:14  SCV  
  29  3:26  SCV x2  
  31  3:30  Hellion  
  31  3:31  Hellion  
  35  3:40  Infernal Pre-Igniter  
  35  3:41  Supply Depot, Hellion  
  37  3:48  Engineering Bay  
  37  3:57  Hellion x2  
  41  4:05  Supply Depot, Hellion  
  43  4:17  Orbital Command  
  43  4:19  Hellion x2  
  47  4:28  Supply Depot  
  47  4:30  Siege Tank  
  47  4:31  Missile Turret  
  50  4:37  Starport  
  50  4:41  SCV  
  51  4:48  SCV  
  51  4:51  Supply Depot  
  52  4:53  SCV  
  53  5:00  SCV  
  53  5:05  SCV, Siege Tank  
  58  5:11  Missile Turret  
  58  5:13  SCV, Refinery  
  59  5:16  Supply Depot  
  59  5:18  SCV, Medivac  
  62  5:28  Hellion x2  
  66  5:32  SCV x2  
  68  5:43  Supply Depot  
  68  5:44  SCV x2, Siege Tank  
  68  5:49  Hellion x2, Medivac  
  79  5:56  SCV x2  
  79  6:08  SCV  
  79  6:09  SCV  
  79  6:10  Hellion  
  79  6:11  Hellion  
  85  6:16  Hellion  
  87  6:20  SCV  
  87  6:21  SCV  
  89  6:26  Command Center  
  89  6:32  Hellion x2  
  75  6:42  Siege Tank  
  78  6:48  Refinery  
  78  6:51  Armory  
  78  6:52  Armory, SCV x2  
  78  6:53  Supply Depot  
  80  7:00  Starport Reactor  
  84  7:01  Hellion x2  
  84  7:16  Missile Turret  
  84  7:18  SCV x2, Factory  
  84  7:19  Factory  
  84  7:20  Factory  
  86  7:33  SCV x2  
  88  7:41  Terran Vehicle And Ship Armor Level 1, Terran Vehicle Weapons Level 1  
  88  7:42  Siege Tank  
  88  7:43  Hellion x2  
  95  7:45  Missile Turret  
  95  7:59  Command Center  
  95  8:00  Refinery  
  95  8:02  Refinery, Orbital Command  
  95  8:04  SCV  
  96  8:05  SCV  
  97  8:14  Siege Tank  
  97  8:18  Medivac x2  
  104  8:20  Hellion  
  104  8:21  Hellion  
  104  8:22  SCV  
  104  8:23  SCV  
  110  8:28  SCV  
  110  8:33  Hellion  
  115  8:34  Hellion  
  115  8:35  SCV x2  
  115  8:50  Hellion  
  115  8:54  Liberator x2  
  117  9:11  SCV x3, Hellion, Siege Tank  
  117  9:13  SCV  
  117  9:15  Refinery  
  132  9:17  Refinery  
  132  9:21  Command Center  
  132  9:26  Supply Depot  
  132  9:27  Missile Turret  
  132  9:29  Orbital Command  
  132  9:39  Supply Depot  
  132  9:40  SCV x3, Hellion, Supply Depot x2  
  132  9:41  Supply Depot  
  132  9:42  Supply Depot  
  132  9:43  Terran Vehicle Weapons Level 2, Terran Vehicle And Ship Armor Level 2  
  132  9:45  Factory Tech Lab x2  
  139  9:46  Factory Reactor  
  139  9:52  SCV  
  138  9:54  SCV x2  
  138  9:57  Supply Depot, Liberator x2  
  140  10:01  Command Center  
  140  10:03  SCV  
  140  10:04  SCV  
  142  10:13  Missile Turret  
  142  10:15  Siege Tank x2  
  154  10:26  Hellbat x4  
  162  10:33  Siege Tank  
  165  10:40  Liberator x2  
  165  10:44  Building Armor  
  165  10:47  Siege Tank  
  168  10:53  Siege Tank, Hellbat  
  168  10:54  Hellbat x2  
  172  11:25  Thor  
  172  11:26  Siege Tank  
  172  11:27  Starport, Hellbat  
  172  11:31  Liberator x2  
  167  11:49  Siege Tank, Hellbat  
  167  11:50  Hellbat x3  
  167  11:54  Orbital Command  
  184  11:58  Hellbat  
  184  12:09  Refinery  
  184  12:10  Starport Reactor  
  184  12:12  Refinery  
  184  12:13  Command Center, Terran Vehicle And Ship Armor Level 3, Missile Turret, Terran Ship Weapons Level 1  
  184  12:14  Supply Depot  
  181  12:28  Thor x2  
  193  12:31  Orbital Command  
  193  12:43  SCV x2  
  193  12:44  SCV x2  
  195  12:46  Orbital Command  
  194  12:52  Missile Turret  
  194  12:59  Liberator x4  
  155  13:14  Siege Tank  
  155  13:15  Siege Tank x2, Hellbat x3  
  155  13:16  Hellbat  
  113  13:41  Liberator, Hellbat x4  
  121  13:44  Liberator x2  
  121  13:47  Siege Tank x3  
  130  13:49  Hi-Sec Auto Tracking  
  130  13:55  Liberator  
  139  14:09  Hellbat  
  147  14:10  Hellbat x3  
  150  14:18  Terran Ship Weapons Level 2  
  150  14:19  Hellbat x3  
  156  14:24  Liberator  
  156  14:32  SCV x4  
  156  14:33  SCV x2  
  156  14:36  Hellbat x4  
  170  14:40  Siege Tank x3  
  170  14:42  Refinery, Orbital Command  
  170  14:44  Missile Turret  
  182  14:45  Command Center  
  182  14:57  Hellbat  
  182  14:58  Hellbat x3  
  190  15:12  Siege Tank x3  
  199  15:43  Liberator  
  199  15:46  SCV x3  
  199  15:47  SCV  
  197  16:00  Liberator x2  
  197  16:01  Liberator  
  141  16:19  Siege Tank x2, Hellbat x2  
  141  16:20  Hellbat x3  
  141  16:22  Orbital Command  
  152  16:26  Liberator  
  134  16:41  Hellbat x2  
  134  16:43  Liberator  
  134  16:44  Siege Tank, Hellbat x2  
  142  16:50  Terran Ship Weapons Level 3  
  142  16:51  Siege Tank x2  
  146  17:02  Hellbat x2  
  146  17:05  Medivac x2  
  146  17:06  Hellbat x2  
  154  17:17  Terran Vehicle Weapons Level 3  
  154  17:26  Medivac  
  156  17:32  Command Center  
  156  17:33  Command Center, Siege Tank x2  
  162  17:40  Liberator x3  
  162  17:49  Refinery  
  162  17:55  Siege Tank  
  162  17:56  Hellbat x4  
  182  18:06  Missile Turret  
  182  18:07  Missile Turret  
  182  18:11  Missile Turret  
  182  18:14  Missile Turret  
  182  18:30  Hellbat x7  
  196  18:36  Missile Turret  
  196  18:38  Missile Turret  
  196  18:51  Hellbat x2  
  196  18:52  Liberator x4  
  182  18:59  Siege Tank x3  
  182  19:00  Hellbat x2  
  176  19:12  Hellbat x2, Orbital Command  
  168  19:21  Hellbat x2  
  144  19:31  Hellbat x2  
  144  19:32  Hellbat  
  144  19:34  Hellbat x2  
  144  19:35  Liberator x4  
  154  19:42  Hellbat  
  154  19:43  Hellbat  
  173  19:52  Siege Tank  
  173  19:53  Siege Tank, Hellbat  
  173  19:55  Hellbat x2  
  182  20:06  Hellbat x2  
  179  20:14  Siege Tank  
  179  20:16  Hellbat  
  179  20:17  Hellbat  
  179  20:18  Liberator x3  
  167  20:25  Siege Tank x2  
  167  20:27  Hellbat  
  147  20:33  Hellbat  
  147  20:35  Liberator  
  155  20:38  Orbital Command  
  148  20:47  Siege Tank  
  146  20:53  Hellbat  
  146  20:54  Hellbat x2  
  146  20:55  Hellbat  
  159  20:57  Hellbat x2  
  159  21:00  Liberator  
  159  21:01  Liberator x2  
  151  21:15  Hellbat x3  
  151  21:18  Siege Tank  
  157  21:19  Siege Tank, Hellbat x2  
  157  21:20  Liberator  
  140  21:36  Hellbat x3  
  149  21:40  Siege Tank, Hellbat  
  149  21:43  Liberator x2  
  133  21:50  Hellbat  
  133  21:51  Hellbat  
  128  21:57  Hellbat, Liberator  
  133  22:07  Hellbat x2  
  133  22:08  Hellbat  
  129  22:11  Siege Tank  
  129  22:12  Siege Tank, Hellbat  
  140  22:19  Hellbat  
  142  22:28  Hellbat x2  
  142  22:29  Hellbat  
  148  22:34  Hellbat  
  162  22:55  Barracks Tech Lab  
  150  23:04  Ghost Academy  
  150  23:05  Ghost Academy  
  150  23:06  Ghost Academy  
  150  23:08  Ghost Academy  
  150  23:10  Missile Turret x2  
  150  23:11  Missile Turret  
  133  23:35  Liberator  
  133  23:36  Liberator x3  
  129  23:51  Ghost  
  151  24:02  Nuke  
  143  24:03  Nuke x2  
  143  24:09  Personal Cloaking  
  143  24:19  Ghost  
  143  24:29  Missile Turret  
  143  24:30  Missile Turret  
  137  24:45  SCV x2  
  137  24:46  SCV  
  127  25:56  Ghost  
Show
View Real Time Build Order
Export as new Build Order

AngryPenguin Protoss 

Build Orders: Phoenix Opening 

Get SALT Encoding   

  12  0:01  Probe (Chrono Boost)  
  13  0:11  Probe (Chrono Boost)  
  14  0:20  Pylon  
  14  0:22  Probe (Chrono Boost)  
  15  0:38  Probe (Chrono Boost)  
  15  0:39  Gateway  
  16  0:49  Probe (Chrono Boost)  
  17  0:51  Assimilator  
  17  0:59  Probe (Chrono Boost)  
  18  1:10  Probe (Chrono Boost), Pylon  
  19  1:12  Assimilator  
  19  1:20  Probe (Chrono Boost)  
  20  1:31  Cybernetics Core  
  20  1:36  Probe (Chrono Boost)  
  20  1:37  Zealot  
  24  1:47  Probe (Chrono Boost)  
  24  1:49  Pylon  
  24  2:01  Probe (Chrono Boost)  
  24  2:12  Mothership Core (Chrono Boost)  
  26  2:19  Pylon  
  26  2:22  Stargate  
  26  2:30  Probe (Chrono Boost)  
  27  3:16  Forge  
  27  3:17  Phoenix  
  27  3:18  Nexus  
  29  3:20  Pylon  
  29  3:25  Pylon  
  30  3:41  Probe (Chrono Boost)  
  30  3:45  Phoenix  
  32  4:03  Probe (Chrono Boost)  
  33  4:12  Protoss Air Weapons Level 1  
  33  4:14  Probe (Chrono Boost)  
  33  4:15  Phoenix (Chrono Boost)  
  36  4:21  Pylon  
  36  4:29  Stargate  
  36  4:33  Probe x2 (Chrono Boost), Pylon  
  38  4:44  Photon Cannon  
  38  4:49  Phoenix (Chrono Boost)  
  38  4:51  Pylon  
  40  5:10  Phoenix (Chrono Boost)  
  42  5:33  Phoenix (Chrono Boost)  
  46  5:36  Phoenix (Chrono Boost)  
  46  5:55  Phoenix (Chrono Boost)  
  48  6:01  Phoenix (Chrono Boost)  
  50  6:22  Phoenix (Chrono Boost)  
  54  6:26  Phoenix (Chrono Boost)  
  44  7:18  Probe  
  44  7:19  Probe  
  46  7:23  Assimilator  
  46  7:27  Photon Cannon  
  46  7:28  Assimilator  
  46  7:30  Probe  
  46  7:31  Probe, Protoss Air Armor Level 1, Phoenix (Chrono Boost)  
  46  7:35  Phoenix (Chrono Boost)  
  52  7:43  Probe x2  
  54  7:45  Nexus  
  54  7:48  Assimilator  
  54  7:52  Assimilator  
  54  7:53  Phoenix (Chrono Boost)  
  54  7:55  Probe x2, Pylon  
  54  7:58  Pylon  
  60  8:00  Phoenix (Chrono Boost)  
  60  8:03  Pylon  
  60  8:07  Probe x2, Pylon  
  62  8:14  Phoenix (Chrono Boost)  
  62  8:47  Phoenix (Chrono Boost)  
  66  8:50  Probe x2, Phoenix (Chrono Boost)  
  68  8:58  Probe  
  68  9:02  Probe x2  
  71  9:08  Phoenix (Chrono Boost)  
  71  9:09  Probe  
  73  9:10  Fleet Beacon  
  73  9:14  Probe x2  
  73  9:15  Phoenix (Chrono Boost)  
  78  9:19  Probe  
  79  9:26  Probe x2  
  79  9:38  Probe x2  
  80  9:42  Phoenix (Chrono Boost)  
  83  9:46  Phoenix (Chrono Boost)  
  83  9:51  Stargate  
  83  9:53  Anion Pulse-Crystals  
  83  9:56  Probe, Stargate  
  83  9:58  Probe x2  
  86  10:00  Pylon x2  
  86  10:10  Probe x2  
  88  10:48  Phoenix (Chrono Boost)  
  96  10:52  Phoenix x3 (Chrono Boost)  
  96  10:56  Protoss Air Weapons Level 2  
  96  11:10  Phoenix (Chrono Boost)  
  98  11:16  Phoenix (Chrono Boost)  
  98  11:17  Phoenix (Chrono Boost)  
  102  11:52  Phoenix (Chrono Boost)  
  110  11:56  Phoenix x3 (Chrono Boost)  
  98  12:14  Phoenix (Chrono Boost)  
  100  12:21  Phoenix x3 (Chrono Boost)  
  104  12:36  Phoenix (Chrono Boost)  
  106  12:46  Phoenix (Chrono Boost)  
  106  12:54  Protoss Air Armor Level 2  
  106  12:58  Phoenix x2 (Chrono Boost)  
  112  12:59  Phoenix (Chrono Boost)  
  112  13:11  Phoenix (Chrono Boost)  
  108  13:20  Phoenix (Chrono Boost)  
  108  13:23  Phoenix (Chrono Boost)  
  108  13:24  Phoenix (Chrono Boost)  
  104  13:36  Phoenix (Chrono Boost)  
  110  14:00  Carrier (Chrono Boost)  
  128  14:06  Graviton Catapult  
  128  14:11  Carrier x3 (Chrono Boost)  
  128  15:18  Carrier (Chrono Boost)  
  134  15:22  Protoss Air Weapons Level 3  
  152  15:37  Carrier x2 (Chrono Boost)  
  152  15:44  Carrier (Chrono Boost)  
  146  16:33  Carrier (Chrono Boost)  
  132  17:02  Carrier (Chrono Boost)  
  144  17:20  Carrier x2 (Chrono Boost)  
  144  17:47  Carrier (Chrono Boost)  
  156  18:28  Carrier (Chrono Boost)  
  162  18:46  Carrier (Chrono Boost)  
  156  19:08  Carrier (Chrono Boost)  
  152  19:14  Carrier (Chrono Boost)  
  132  19:54  Carrier (Chrono Boost)  
  138  20:11  Carrier (Chrono Boost)  
  142  20:33  Carrier (Chrono Boost)  
  142  20:34  Carrier (Chrono Boost)  
Show
View Real Time Build Order
Export as new Build Order

Flash Zerg - Winner!

Build Orders: Pool First 

Get SALT Encoding   

  12  0:08  Drone  
  12  0:09  Drone  
  14  0:15  Extractor  
  13  0:21  Drone  
  14  0:37  Spawning Pool  
  13  0:55  Drone  
  13  0:56  Overlord  
  14  1:27  Queen  
  14  1:28  Metabolic Boost  
  14  1:32  Zergling x6  
  19  1:44  Zergling x2  
  20  1:55  Baneling Nest  
  19  2:01  Zergling x2  
  19  2:06  Overlord  
  20  2:16  Zergling x2  
  21  2:30  Zergling x2  
  22  2:39  Baneling x3  
  22  2:40  Baneling x2  
  22  2:41  Zergling x6  
  23  3:00  Drone x2  
  20  3:26  Hatchery  
  19  3:27  Drone  
  19  3:28  Drone  
  21  3:41  Drone x2  
  22  4:04  Queen  
  24  4:10  Roach Warren, Drone x2  
  25  4:22  Overlord  
  25  4:43  Hatchery  
  28  4:52  Roach  
  28  4:53  Roach x3  
  28  4:58  Drone  
  33  5:01  Drone  
  34  5:08  Spore Crawler  
  33  5:18  Spore Crawler  
  32  5:25  Spore Crawler  
  29  5:47  Roach  
  29  5:48  Roach x3  
  29  5:49  Drone x3  
  38  6:10  Drone x5  
  43  6:21  Spore Crawler  
  43  6:24  Drone  
  43  6:25  Drone x2  
  45  6:43  Drone x3  
  45  6:44  Drone, Overlord  
  49  6:54  Overlord x2  
  49  7:07  Ravager  
  49  7:08  Ravager x3  
  53  7:10  Drone  
  53  7:11  Drone x3  
  53  7:12  Overlord x2  
  57  7:26  Queen x2  
  61  7:42  Drone x3  
  61  7:43  Drone x7  
  71  7:47  Drone x2  
  73  7:51  Lair  
  73  8:04  Drone x6  
  79  8:16  Drone, Extractor x2  
  79  8:17  Drone x2  
  79  8:19  Drone x2  
  82  8:23  Extractor x2  
  80  8:38  Evolution Chamber x2  
  78  8:43  Drone x3  
  78  8:44  Spine Crawler x2  
  78  8:45  Queen x2  
  84  8:50  Spire  
  83  8:56  Drone x2  
  83  8:57  Drone, Spine Crawler x2  
  83  8:58  Drone x3  
  83  8:59  Drone x2  
  83  9:00  Overlord x2  
  89  9:06  Extractor  
  88  9:21  Drone x2  
  88  9:22  Drone  
  91  9:25  Queen x2  
  91  9:27  Zerg Missile Weapons Level 1  
  91  9:28  Hatchery  
  91  9:29  Overlord x2  
  91  9:30  Overlord  
  94  9:51  Queen  
  94  9:52  Overlord x4  
  96  9:57  Infestation Pit  
  95  10:11  Zerg Flyer Weapons Level 1  
  95  10:17  Drone x5  
  100  10:29  Drone x2, Extractor  
  100  10:30  Drone, Spore Crawler  
  100  10:31  Spore Crawler  
  100  10:33  Spore Crawler  
  100  10:34  Spore Crawler, Drone x4  
  100  10:35  Drone x3  
  105  10:36  Spore Crawler  
  105  10:37  Spore Crawler  
  105  10:38  Spore Crawler  
  79  10:51  Pathogen Glands  
  79  11:12  Burrow  
  79  11:17  Queen x2  
  83  11:28  Infestor  
  83  11:29  Infestor x11  
  107  11:54  Hive, Zerg Missile Weapons Level 2  
  107  12:43  Overlord x5  
  107  12:45  Drone  
  107  12:46  Drone x8  
  107  12:51  Infestor x12  
  116  13:00  Spine Crawler x2  
  116  13:01  Spine Crawler  
  116  13:05  Spine Crawler  
  109  14:24  Spore Crawler x4  
  109  14:25  Spore Crawler, Zerg Missile Weapons Level 3  
  109  14:26  Spine Crawler x2, Zerg Flyer Weapons Level 2  
  109  14:27  Spine Crawler  
  109  14:29  Corruptor  
  109  14:30  Corruptor x8, Spire  
  118  14:35  Spore Crawler, Extractor  
  118  14:37  Hatchery  
  115  14:39  Spore Crawler, Neural Parasite  
  115  14:40  Spore Crawler x2  
  112  15:03  Spore Crawler  
  112  15:05  Spore Crawler  
  112  15:06  Spore Crawler  
  109  15:07  Spore Crawler  
  109  15:08  Spore Crawler  
  109  15:10  Spore Crawler  
  106  15:21  Infestor x4  
  106  15:22  Infestor x3  
  106  15:27  Spore Crawler  
  106  15:28  Spore Crawler  
  118  15:42  Infestor x18  
  118  15:45  Greater Spire  
  118  15:48  Drone x3  
  118  15:49  Drone x2  
  124  15:50  Drone x3  
  124  15:51  Roach  
  128  16:04  Infestor x3  
  128  16:05  Infestor x3  
  126  16:19  Corruptor  
  126  16:20  Corruptor x7  
  142  17:03  Drone  
  142  17:04  Drone x3  
  142  17:05  Extractor  
  145  17:09  Zerg Flyer Weapons Level 3  
  145  17:14  Zerg Ground Armor Level 1  
  145  17:15  Zerg Flyer Armor Level 1  
  145  17:18  Drone x3  
  148  17:43  Viper x3  
  148  17:44  Viper x3  
  166  18:16  Spore Crawler  
  166  18:17  Spore Crawler x2  
  163  18:20  Infestor x16  
  163  18:21  Spore Crawler x2  
  163  18:23  Spore Crawler x2  
  159  18:28  Spore Crawler  
  158  18:35  Infestor x13  
  158  18:43  Evolution Chamber  
  158  18:45  Evolution Chamber x2  
  128  19:18  Infestor x6  
  128  19:19  Infestor x6  
  111  19:30  Zerg Ground Armor Level 2  
  105  19:36  Viper x2  
  105  19:37  Viper x6  
  121  20:32  Queen x3  
  127  21:07  Queen  
  127  21:08  Queen  
  110  22:15  Zerg Ground Armor Level 3  
  108  22:20  Queen  
  108  22:21  Queen x2  
  114  22:23  Zerg Flyer Armor Level 2  
  114  22:50  Queen  
  116  22:56  Queen x3  
  122  23:26  Queen  
  120  24:02  Queen  
  120  24:03  Queen x3  
  128  24:16  Viper x5  
  128  24:17  Viper x8  
  167  25:29  Spore Crawler  
  167  25:30  Spore Crawler x2  
  167  25:31  Spore Crawler x3, Overseer x3  
  167  25:32  Overseer x5  
  161  25:43  Evolution Chamber  
  161  25:45  Evolution Chamber  
  161  25:46  Evolution Chamber  
  146  26:15  Pneumatized Carapace  
Show
View Real Time Build Order
Export as new Build Order

KinG Zerg - Winner!

Build Orders: 3 Hatch before Pool, Lurkers 

Get SALT Encoding   

  12  0:02  Drone  
  13  0:11  Drone  
  14  0:36  Hatchery  
  14  0:39  Drone  
  14  1:05  Hatchery  
  14  1:09  Drone  
  14  1:12  Extractor  
  13  1:31  Spawning Pool  
  12  1:37  Drone  
  13  1:40  Drone  
  14  1:49  Drone  
  14  1:50  Drone  
  16  1:55  Drone  
  17  2:05  Overlord  
  17  2:08  Drone  
  17  2:13  Drone  
  19  2:20  Metabolic Boost  
  19  2:29  Queen  
  19  2:35  Queen  
  23  2:41  Drone x2  
  23  2:43  Drone  
  26  2:46  Drone  
  26  2:48  Drone  
  26  2:50  Drone  
  29  2:53  Drone  
  29  2:56  Drone  
  31  3:04  Overlord  
  31  3:09  Drone  
  31  3:10  Drone x2  
  34  3:19  Overlord  
  34  3:22  Queen  
  34  3:24  Drone x5  
  34  3:26  Drone  
  42  3:28  Overlord  
  42  3:37  Drone x2  
  42  3:40  Drone x4  
  48  3:45  Overlord  
  48  3:47  Overlord  
  48  3:49  Drone x2  
  48  3:50  Drone x2  
  52  3:56  Drone  
  52  3:57  Drone  
  54  4:05  Spine Crawler  
  54  4:06  Extractor  
  54  4:07  Spine Crawler, Extractor  
  54  4:09  Drone x3  
  53  4:12  Extractor  
  53  4:13  Extractor  
  53  4:14  Extractor  
  53  4:16  Drone x5  
  55  4:19  Drone  
  56  4:26  Drone  
  56  4:27  Drone  
  58  4:35  Lair, Evolution Chamber  
  58  4:37  Drone  
  58  4:38  Drone x4  
  62  4:39  Evolution Chamber  
  62  4:41  Drone x4  
  65  4:48  Drone  
  65  4:51  Overlord  
  66  4:57  Drone x4  
  70  5:05  Spore Crawler  
  70  5:06  Spore Crawler  
  68  5:07  Spore Crawler  
  68  5:08  Overlord x3  
  68  5:12  Zerg Missile Weapons Level 1, Zerg Ground Armor Level 1  
  67  5:16  Drone x5  
  72  5:24  Overlord x2  
  72  5:25  Overlord x2  
  72  5:37  Spore Crawler  
  72  5:39  Hydralisk Den  
  70  5:43  Hatchery  
  58  6:08  Hydralisk x12  
  58  6:09  Hydralisk x2  
  79  6:17  Hydralisk x3  
  73  6:34  Hydralisk  
  73  6:35  Hydralisk x5  
  78  6:40  Drone  
  78  6:41  Drone  
  78  6:45  Drone  
  78  6:46  Drone  
  81  6:54  Drone x3  
  81  7:00  Drone  
  87  7:01  Drone x2  
  87  7:06  Zergling x4  
  87  7:07  Zergling x2  
  86  7:20  Drone  
  86  7:21  Drone x5  
  92  7:38  Drone x3  
  92  7:41  Lurker Den  
  92  7:43  Hatchery  
  95  7:44  Drone x3  
  97  7:55  Queen x2  
  97  7:57  Queen  
  103  8:09  Overlord x4  
  103  8:20  Zerg Ground Armor Level 2, Zerg Missile Weapons Level 2  
  103  8:41  Overlord x3  
  103  8:53  Drone x4  
  103  8:54  Drone x9  
  103  8:55  Queen  
  118  9:08  Lurker  
  118  9:09  Lurker x8  
  128  9:10  Lurker  
  128  9:24  Extractor  
  128  9:25  Extractor  
  128  9:26  Spore Crawler  
  128  9:27  Spore Crawler  
  128  9:28  Spore Crawler  
  128  9:30  Queen  
  121  9:41  Spore Crawler  
  121  9:42  Drone  
  121  9:43  Drone x12  
  121  9:44  Drone, Spore Crawler  
  133  9:56  Infestation Pit  
  132  10:03  Drone x2  
  132  10:04  Drone x2  
  136  10:16  Spore Crawler x2  
  136  10:17  Spore Crawler  
  136  10:19  Spore Crawler  
  132  10:23  Spore Crawler  
  132  10:24  Drone  
  132  10:25  Drone x13  
  145  10:33  Hive  
  145  10:35  Hydralisk x4  
  145  10:36  Hydralisk x3  
  159  10:55  Hydralisk  
  159  10:56  Hydralisk x6  
  161  11:14  Hydralisk  
  161  11:15  Hydralisk x5  
  173  11:26  Overlord  
  173  11:27  Overlord x5  
  173  11:32  Spore Crawler x2  
  171  11:33  Spore Crawler  
  171  11:34  Spore Crawler  
  171  11:38  Spore Crawler x2  
  154  11:53  Hydralisk x9  
  154  11:54  Hydralisk x4  
  152  12:16  Viper x9  
  170  12:26  Hydralisk  
  170  12:27  Hydralisk x3  
  164  12:46  Hydralisk x5  
  164  12:47  Hydralisk x3  
  180  12:58  Hydralisk x5  
  181  13:21  Hydralisk x4  
  181  13:22  Hydralisk x6  
  177  13:49  Lurker  
  177  13:50  Lurker x14  
  192  14:02  Spore Crawler x2  
  190  14:06  Spore Crawler  
  190  14:07  Spore Crawler  
  188  14:17  Spore Crawler  
  188  14:18  Spore Crawler  
  186  14:24  Pneumatized Carapace  
  186  14:31  Zerg Ground Armor Level 3, Zerg Missile Weapons Level 3  
  186  14:37  Overseer  
  186  14:38  Overseer x4  
  186  15:05  Spore Crawler  
  162  16:35  Spore Crawler x2  
  162  16:38  Spore Crawler  
  162  16:39  Spore Crawler  
  134  16:40  Spore Crawler  
  134  16:42  Viper  
  134  16:43  Viper x6  
  153  16:58  Hydralisk x10  
  153  16:59  Hydralisk x3  
  177  17:08  Drone  
  177  17:09  Drone x12  
  190  17:18  Spore Crawler  
  190  17:21  Spore Crawler x2, Lurker  
  190  17:22  Spore Crawler, Lurker x3  
  191  17:23  Spore Crawler  
  191  17:29  Viper x3  
  198  17:59  Lurker  
  198  18:00  Lurker  
  197  18:54  Spore Crawler x2  
  197  18:55  Spore Crawler x6  
  187  18:56  Spore Crawler x4  
  187  18:57  Spore Crawler x6  
  187  18:58  Spore Crawler  
  156  19:33  Viper  
  156  19:34  Viper x5  
  114  22:43  Viper x3  
  114  22:44  Viper x4  
  135  23:00  Overseer  
Show
View Real Time Build Order
Export as new Build Order

GCxBadUncle Zerg - Winner!

Build Orders: Pool First, Zergling Baneling 

Get SALT Encoding   

  12  0:01  Drone  
  13  0:13  Overlord  
  13  0:17  Drone  
  14  0:23  Extractor  
  14  0:24  Drone  
  15  0:32  Drone  
  16  0:37  Drone  
  17  0:49  Spawning Pool  
  16  0:51  Drone, Extractor  
  16  1:17  Hatchery  
  15  1:19  Drone  
  16  1:28  Drone  
  17  1:36  Queen  
  19  1:40  Zergling x2  
  19  1:44  Zergling x2  
  21  1:55  Metabolic Boost  
  21  1:59  Overlord  
  21  2:04  Zergling x2  
  22  2:11  Overlord  
  22  2:18  Zergling x2  
  23  2:33  Baneling Nest  
  21  2:41  Zergling x4  
  23  2:49  Zergling x6  
  25  3:00  Zergling x8  
  29  3:16  Zergling x6  
  32  3:22  Baneling  
  32  3:23  Baneling x2  
  32  3:24  Baneling  
  32  3:25  Baneling  
  32  3:26  Baneling  
  32  3:37  Queen  
  21  4:00  Drone x3  
  21  4:01  Zergling x6  
  26  4:16  Spore Crawler  
  25  4:18  Drone  
  26  4:24  Baneling x3  
  26  4:25  Drone x2  
  26  4:28  Drone  
  29  4:32  Drone  
  29  4:37  Overlord  
  30  4:44  Drone  
  30  4:45  Extractor  
  30  4:46  Drone  
  30  4:48  Drone  
  32  4:58  Lair  
  32  5:05  Spore Crawler  
  31  5:07  Spore Crawler  
  31  5:13  Overlord  
  30  5:16  Overlord  
  30  5:20  Drone  
  31  5:22  Drone  
  31  5:28  Drone x2  
  34  5:36  Extractor  
  34  5:39  Drone x3  
  36  5:46  Baneling x3  
  36  5:53  Overlord x2  
  33  6:20  Zergling x6  
  33  6:24  Zergling x10  
  41  6:31  Zergling x6  
  44  6:41  Drone x2  
  44  6:42  Drone x2  
  44  6:44  Centrifical Hooks  
  44  6:46  Extractor  
  45  6:57  Queen  
  45  6:59  Drone x4  
  51  7:03  Baneling x4  
  51  7:04  Baneling x3  
  51  7:06  Zergling x6  
  54  7:18  Drone x2  
  56  7:23  Drone  
  56  7:24  Evolution Chamber  
  56  7:25  Evolution Chamber  
  56  7:27  Drone  
  56  7:32  Overlord  
  56  7:39  Spore Crawler, Drone  
  56  7:41  Spore Crawler  
  55  7:49  Zerg Ground Armor Level 1  
  55  7:50  Infestation Pit  
  55  7:51  Zerg Melee Weapons Level 1  
  54  7:59  Drone x2  
  54  8:00  Drone  
  54  8:02  Overlord  
  57  8:06  Overlord  
  57  8:18  Overlord x2  
  57  8:46  Hive, Queen  
  57  9:01  Drone x2  
  57  9:02  Drone, Overlord x2  
  55  9:32  Baneling x3  
  54  9:43  Queen  
  54  9:45  Spore Crawler, Zerg Ground Armor Level 2  
  55  9:46  Zerg Melee Weapons Level 2  
  55  9:47  Spore Crawler  
  54  10:05  Ultralisk Cavern  
  53  10:28  Overlord  
  53  10:46  Baneling  
  53  10:47  Baneling x15  
  53  10:56  Chitinous Plating  
  53  10:57  Ultralisk  
  53  10:58  Ultralisk x3  
  53  11:03  Zergling x2  
  53  11:04  Zergling x18  
  83  11:13  Ultralisk  
  90  11:25  Ultralisk  
  90  11:30  Zergling x8  
  90  11:32  Queen  
  95  11:54  Ultralisk  
  101  12:07  Ultralisk  
  103  12:16  Zergling x4  
  103  12:17  Zergling x2  
  106  12:28  Ultralisk  
  112  12:30  Zergling x4  
  114  12:42  Zergling x2  
  72  13:13  Zergling x2  
  72  13:14  Zergling x12  
  72  13:17  Ultralisk  
  72  13:18  Ultralisk, Zergling x4  
  75  13:28  Zergling x4  
  77  13:38  Zergling x2  
  73  13:49  Ultralisk x2  
  73  13:53  Baneling x2  
  73  13:54  Baneling x4  
  85  14:24  Ultralisk  
  85  14:25  Zergling x6  
  85  14:27  Baneling  
  85  14:28  Baneling x2  
  94  14:48  Zergling x6  
  97  15:05  Ultralisk, Zergling x4  
  97  15:06  Zergling x2  
  95  15:23  Zergling x6  
  98  15:38  Ultralisk  
  104  16:14  Ultralisk  
  78  16:51  Ultralisk  
  84  17:52  Zergling x6  
  84  17:53  Ultralisk  
  84  17:54  Zergling x2  
  84  17:55  Zergling x4  
  96  18:26  Baneling  
  96  18:27  Baneling x10  
Show
View Real Time Build Order
Export as new Build Order

BrokenM Zerg - Winner!

Build Orders: Pool First 

Get SALT Encoding   

  12  0:01  Drone  
  13  0:14  Extractor  
  12  0:26  Spawning Pool  
  11  0:29  Drone  
  11  0:33  Drone  
  13  0:39  Drone  
  14  0:52  Overlord  
  14  1:05  Overlord  
  14  1:18  Zergling x4  
  16  1:20  Metabolic Boost  
  16  1:32  Zergling x2  
  17  1:36  Zergling x2  
  18  1:48  Zergling x2  
  18  1:51  Queen  
  21  1:56  Zergling x2  
  22  2:19  Zergling x4  
  24  2:24  Hatchery  
  19  3:03  Zergling x6  
  21  3:19  Spore Crawler  
  20  3:22  Spore Crawler  
  19  3:27  Drone x2  
  20  3:51  Drone x2  
  20  3:52  Drone x4  
  26  4:04  Drone  
  26  4:07  Queen  
  26  4:08  Spine Crawler x2  
  27  4:10  Spine Crawler  
  27  4:16  Drone  
  27  4:22  Drone  
  27  4:23  Drone, Extractor  
  28  4:33  Drone x2  
  30  4:54  Drone x3  
  30  4:55  Drone x2  
  35  5:09  Drone, Extractor  
  35  5:10  Drone, Extractor  
  35  5:24  Spore Crawler  
  34  5:29  Spore Crawler  
  34  5:31  Spore Crawler  
  32  5:37  Spore Crawler  
  31  5:55  Drone x2  
  33  5:57  Drone  
  33  5:58  Drone  
  33  5:59  Overlord x2  
  33  6:00  Overlord x2  
  35  6:26  Zergling x4  
  35  6:27  Zergling x12  
  35  6:28  Zergling x4  
  45  6:33  Lair  
  45  6:49  Drone  
  45  6:50  Drone x4  
  50  7:08  Hatchery  
  47  8:16  Hydralisk Den  
  47  8:19  Spire  
  39  9:11  Drone x4  
  39  9:15  Drone x2  
  39  9:16  Drone x7  
  39  9:17  Drone x6  
  53  9:18  Drone x3  
  53  9:19  Queen  
  63  9:36  Spore Crawler  
  62  9:38  Zerg Flyer Weapons Level 1  
  62  9:39  Corruptor x4  
  62  9:40  Corruptor x2  
  74  9:57  Spore Crawler  
  73  10:24  Overlord x3  
  73  10:25  Overlord x5  
  73  10:41  Spore Crawler  
  72  10:44  Spore Crawler  
  70  10:58  Spine Crawler  
  70  10:59  Spine Crawler  
  70  11:00  Spine Crawler  
  55  11:13  Corruptor x4  
  55  11:14  Corruptor x6  
  55  11:15  Corruptor  
  73  12:10  Infestation Pit  
  73  12:12  Corruptor x5  
  73  12:13  Corruptor x3  
  84  12:52  Hive  
  84  12:56  Extractor  
  84  12:57  Extractor  
  66  13:50  Queen  
  66  13:53  Queen  
  70  14:10  Greater Spire  
  70  14:13  Corruptor  
  70  14:14  Corruptor x6  
  70  14:15  Corruptor x2  
  88  15:33  Brood Lord x7  
  88  15:34  Brood Lord x5  
  76  17:08  Corruptor  
  76  17:09  Corruptor x6  
  76  17:10  Corruptor x4  
  94  19:03  Corruptor  
  94  19:04  Corruptor x6  
  94  19:05  Corruptor x5  
  102  19:49  Corruptor x4  
  102  19:50  Corruptor  
  96  20:57  Brood Lord  
  50  21:20  Corruptor x2  
  50  21:21  Corruptor x6  
  56  22:04  Brood Lord  
  56  22:05  Brood Lord x4  
  66  22:43  Brood Lord  
  68  23:10  Brood Lord  
  70  23:52  Brood Lord  
  72  24:27  Spore Crawler  
  72  24:28  Spore Crawler  
  72  24:29  Spore Crawler  
  72  24:30  Spore Crawler x2  
  72  24:31  Spore Crawler  
  53  24:59  Spore Crawler  
  52  25:19  Spore Crawler  
  51  26:42  Corruptor x5  
  61  27:19  Brood Lord  
  61  27:20  Brood Lord  
  65  27:50  Spore Crawler x2  
  65  27:51  Spore Crawler x5  
  61  27:52  Spore Crawler  
Tags
 
Add a new tag
Caveats
  • Supply blocks, unpowered buildings, or Contaminate may cause inaccurate times.
  • Supply counts are checked every 10 seconds.